 Dungeon Crawl Stone Soup version 0.28.0-45-g0d030f2227 (webtiles) character file.

Game seed: 7100843403929304839

6926 bnorton916 the Destroyer (level 11, -1/68 HPs)
             Began as a Barachi Ice Elementalist on Apr 7, 2022.
             Was a Priest of Cheibriados.
             Slain by a two-headed ogre
             ... wielding a +0 giant club
              (18 damage)
             ... on level 9 of the Dungeon.
             The game lasted 00:27:37 (15501 turns).

bnorton916 the Destroyer (BaIE)                    Turns: 15501, Time: 00:27:37

Health: -1/68      AC: 17    Str: 19    XL:     11   Next: 7%
Magic:  10/18      EV: 13    Int: 30    God:    Cheibriados [***...]
Gold:   674        SH:  0    Dex: 26    Spells: 3/20 levels left

rFire   . . .      SeeInvis +   m - +6 dagger "Toiseez" {vorpal, rElec Int+4}
rCold   . . .      Faith    .   (no shield)
rNeg    . . .      Spirit   .   q - +0 leather armour
rPois   .          Reflect  .   f - +0 helmet
rElec   +          Harm     .   v - +2 cloak {Stlth+}
rCorr   .          Rampage  .   (no gloves)
Will    .....                   g - +1 pair of boots
Stlth   +++.......              e - amulet "Zefeam" {Acrobat Str+2 SInv}
HPRegen 0.21/turn               t - +6 ring of dexterity
MPRegen 0.16/turn               (no ring)

@: lethally poisoned (-1 -> -25), ice-armoured, freezing walls, very slow
A: amphibious, slowness 1, strong legs 1, +LOS
a: Hop, Renounce Religion, Bend Time, Temporal Distortion


You were on level 9 of the Dungeon.
You worshipped Cheibriados.
Cheibriados was most pleased with you.
You visited 2 branches of the dungeon, and saw 10 of its levels.

You collected 674 gold pieces.

Inventory:

Hand Weapons
 a - a +0 scimitar
 m - the +6 dagger "Toiseez" (weapon) {vorpal, rElec Int+4}
   (You took it off an orc on level 3 of the Dungeon)

   It inflicts extra damage upon your enemies.
   Int:       It affects your intelligence (+4).
   rElec:     It insulates you from electricity.
 p - a +0 dagger
 u - a +2 dagger of venom
 L - the +8 dagger "Xyedot" {holy, rElec rPois rC+++ Int-5}
   (You found it on level 8 of the Dungeon)

   It has been blessed by the Shining One to cause great damage to the undead
   and demons.
   Int:       It affects your intelligence (-5).
   rC:        It renders you almost immune to cold.
   rElec:     It insulates you from electricity.
   rPois:     It protects you from poison.
Missiles
 d - 301 stones
 r - 2 throwing nets
 y - 21 poisoned darts (quivered)
Armour
 f - a +0 helmet (worn)
 g - a +1 pair of boots (worn)
 q - a +0 leather armour (worn)
 v - a +2 cloak of stealth (worn)
Jewellery
 e - the amulet "Zefeam" (around neck) {Acrobat Str+2 SInv}
   (You acquired it on level 6 of the Dungeon)

   [amulet of the acrobat]

   It increases your evasion while moving and waiting.
   Str:       It affects your strength (+2).
   SInv:      It lets you see invisible.
 t - a +6 ring of dexterity (left hand)
 N - an amulet of magic regeneration
 O - a ring of resist corrosion
Wands
 o - a wand of iceblast (26)
 C - a wand of flame (15)
 D - a wand of paralysis (18)
 F - a wand of polymorph (2)
 J - a wand of digging (2)
Scrolls
 h - a scroll of enchant armour
 i - a scroll of immolation
 k - 3 scrolls of noise
 l - a scroll of summoning
 s - a scroll of blinking
 w - a scroll of amnesia
 A - a scroll of fog
 B - a scroll of magic mapping
 H - 2 scrolls of fear
Potions
 b - 6 potions of curing
 c - a potion of might
 j - 3 potions of lignification
 x - a potion of magic
 z - a potion of brilliance
 E - 2 potions of flight
 G - a potion of mutation
 I - a potion of heal wounds
 K - a potion of resistance {unknown}
 M - a potion of ambrosia {unknown}


   Skills:
 - Level 5.3(6.4) Short Blades
 + Level 6.0(7.2) Long Blades
 - Level 4.0 Armour
 - Level 2.1 Dodging
 - Level 1.7 Stealth
 - Level 5.2 Spellcasting
 + Level 9.3 Conjurations
 - Level 7.0 Hexes
 - Level 7.1 Ice Magic
 - Level 5.0 Earth Magic
 + Level 3.3 Invocations
 - Level 3.3 Evocations


You had 3 spell levels left.
You knew the following spells:

 Your Spells              Type           Power      Damage    Failure   Level
a - Freeze                Ice            100%       1d11      1%          1
b - Frozen Ramparts       Ice            100%       1d12      1%          3
c - Ozocubu's Armour      Ice            50%        N/A       1%          3
d - Tukima's Dance        Hex            49%        N/A       1%          3
e - Stone Arrow           Conj/Erth      100%       3d13      1%          3
f - Cause Fear            Hex            24%        N/A       3%          4

Your spell library contained the following spells:

 Spells                   Type           Power      Damage    Failure   Level
 Animate Skeleton         Necr           14%        N/A       7%          1
 Apportation              Tloc           14%        N/A       7%          1
 Beastly Appendage        Tmut           14%        N/A       7%          1
 Pain                     Necr           28%        1d5       7%          1
 Summon Small Mammal      Summ           28%        N/A       7%          1
 Wereblood                Tmut           7%         N/A       10%         2
 Spider Form              Tmut/Pois      7%         N/A       21%         3
 Vampiric Draining        Necr           7%         2d6       21%         3
 Hailstorm                Conj/Ice       55%        3d12      2%          4
 Iskenderun's Battlesphe  Conj           59%        2d11      3%          5
 Yara's Violent Unravell  Hex/Tmut       14%        3d7       41%         5
 Iron Shot                Conj/Erth      25%        9d5       45%         6
 Passage of Golubria      Tloc           7%         N/A       54%         4
 Borgnjor's Vile Clutch   Necr/Erth      11%        N/A       54%         5
 Alistair's Intoxication  Tmut/Pois      4%         N/A       88%         5
 Eringya's Noxious Bog    Tmut/Pois      3%         N/A       100%        6
 Spellforged Servitor     Conj/Summ      18%        N/A       100%        7


Dungeon Overview and Level Annotations

Branches:
Dungeon (9/15)             Temple (1/1) D:5
   Lair: D:8-11         Orc: D:9-12

Altars:
Ashenzari
Cheibriados
Dithmenos
Elyvilon
Fedhas
Gozag
Hepliaklqana
Kikubaaqudgha
Makhleb
Nemelex Xobeh
Okawaru
Qazlal
Ru
Sif Muna
Trog
Uskayaw
Vehumet
Wu Jian
Xom
Yredelemnul
Zin
The Shining One
Beogh

Shops:
D:5 *   D:6 :   D:9 :


Innate Abilities, Weirdness & Mutations

You are amphibious.
You cover ground slowly.
You can hop short distances.
You have an extended range of vision and can be seen from far away.


Message History

Unknown command.
Casting: Ozocubu's Armour (safe; 1% risk of failure)
Confirm with . or Enter, or press ? or * to list all spells.
Casting: Frozen Ramparts (safe; 1% risk of failure)
Press: ? - help, Dir - look around, f - activate The walls around you are covered in ice.
You feel sick.
The wall freezes the meliai.
The meliai hits you.
The meliai stings you but does no damage.
The wall freezes the meliai.
The meliai closely misses you. x2
The wall freezes the two-headed ogre.
The wall freezes the tengu conjurer!
You hit the meliai.
The meliai is heavily wounded.
You feel sick.
The wall freezes the meliai.
The meliai hits you.
The meliai stings you but does no damage.
The wall freezes the two-headed ogre.
The wall freezes the meliai.
The meliai hits you. The meliai stings you.
You are lethally poisoned!
The meliai poisons you!
You hit the meliai but do no damage.
The meliai is almost dead.
You feel very sick.
The wall freezes the tengu conjurer!
The wall freezes the meliai.
You kill the meliai!
Cheibriados thoroughly appreciates the change of pace.
The meliai's shape twists and changes as it dies.
The wall freezes the two-headed ogre.
Your base Long Blades skill increases to level 6!
You hit the two-headed ogre.
The two-headed ogre is moderately wounded.
* * * LOW HITPOINT WARNING * * *
You feel very sick.
The wall freezes the tengu conjurer!
Unknown command.
You puncture the two-headed ogre!
The two-headed ogre is heavily wounded.
* * * LOW HITPOINT WARNING * * *
You feel very sick.
The wall freezes the two-headed ogre.
The two-headed ogre hits you with a +0 giant club!!
You die...

#.....#.........# ...#......#
# #.....#.........# #(.....# #
#.....#.........# #......#
#.....#.........# #......#
#.....#.........# #......#
#.....#.........# .#......#
#.....#.........###...#.<....#
#.....................#......#
###############@##############
#..QO.# #..l### #... #.. #..
.. ... ...


You could see a two-headed ogre, a basilisk and a tengu conjurer.

Vanquished Creatures
  Psyche (D:9)
  The ghost of scone the Magician, a novice DjCj (D:3)
  A meliai (shapeshifter) (D:9)
  Sigmund (D:3)
  Eustachio (D:5)
  A wraith (D:8)
  15 yaks
  Menkaure (D:5)
  2 steam dragons
  A vampire mosquito (D:9)
  A water moccasin (D:5)
  2 ice beasts
  A sky beast (D:7)
  2 orc warriors
  2 necrophages
  2 black bears
  2 ogres (D:6)
  A centaur (D:7)
  2 phantoms
  A kobold brigand (D:9)
  A bullfrog (D:8)
  Blork the orc (D:5)
  2 scorpions
  A gnoll sergeant (D:5)
  A wyvern skeleton (D:5)
  2 water moccasin skeletons
  9 killer bees (D:9)
  2 howler monkeys (D:8)
  2 centaur zombies
  3 jellies
  Crazy Yiuf (D:3)
  A bullfrog zombie (D:6)
  5 orc priests
  A bullfrog skeleton (D:6)
  Ijyb (D:3)
  An iguana (D:5)
  Natasha (twice) (D:3)
  An orc wizard (D:4)
  A hound skeleton (D:5)
  A hound zombie (D:5)
  Robin (D:2)
  A howler monkey zombie (D:6)
  4 gnolls
  6 adders
  A shadow imp (D:6)
  3 white imps (D:6)
  2 adder skeletons (D:4)
  4 worms
  3 dart slugs
  25 orcs
  6 endoplasms
  A giant cockroach (D:4)
  13 goblins
  13 hobgoblins
  7 jackals
  4 quokkas
  8 ball pythons
  3 bats (D:1)
  4 frilled lizards
  12 kobolds
  5 rats
206 creatures vanquished.

Notes
Turn   | Place    | Note
-------+----------+-------------------------------------------
     0 | D:1      | bnorton916 the Barachi Ice Elementalist began the quest for
                  | the Orb.
     0 | D:1      | Reached XP level 1. HP: 13/13 MP: 3/3
   133 | D:1      | Reached skill level 5 in Ice Magic
   228 | D:1      | Reached XP level 2. HP: 14/19 MP: 1/5
   824 | D:2      | Found a broken altar of Ashenzari.
   852 | D:2      | Noticed Robin
  1420 | D:3      | Reached XP level 3. HP: 21/24 MP: 2/7
  1424 | D:3      | Learned a level 3 spell: Frozen Ramparts
  1428 | D:3      | Learned a level 3 spell: Ozocubu's Armour
  2086 | D:2      | Killed Robin
  2494 | D:2      | Reached XP level 4. HP: 30/30 MP: 5/9
  3999 | D:2      | Reached XP level 5. HP: 35/35 MP: 6/10
  4159 | D:3      | Noticed Ijyb
  4165 | D:3      | Killed Ijyb
  4228 | D:3      | Noticed Sigmund
  4235 | D:3      | Learned a level 3 spell: Tukima's Dance
  4255 | D:4      | Noticed a necrophage
  4272 | D:3      | Killed a necrophage
  4273 | D:3      | Reached skill level 1 in Hexes
  4273 | D:3      | Reached skill level 1 in Evocations
  4273 | D:3      | Reached XP level 6. HP: 23/41 MP: 1/12
  4743 | D:4      | Found a runed translucent gate.
  4744 | D:4      | Found a runed translucent gate.
  4764 | D:4      | Found a runed translucent gate.
  4768 | D:4      | Noticed scone's ghost (novice DjCj)
  4768 | D:4      | Identified the +6 dagger "Toiseez" {vorpal, rElec Int+4}
  4773 | D:4      | Noticed an orc warrior
  4803 | D:3      | Killed Sigmund
  4806 | D:3      | Got Soumpecw's Almanac of Earthen Bewitchment
  5255 | D:3      | Found a runed translucent door.
  5256 | D:3      | Noticed Crazy Yiuf
  5418 | D:3      | Killed Crazy Yiuf
  5419 | D:3      | Reached XP level 7. HP: 36/46 MP: 7/14
  5571 | D:3      | Found a faded altar of an unknown god.
  5634 | D:3      | Noticed Natasha
  5644 | D:3      | Killed Natasha
  5818 | D:3      | Killed scone's ghost
  5819 | D:3      | Reached skill level 5 in Spellcasting
  6356 | D:3      | Reached skill level 1 in Short Blades
  6578 | D:4      | Reached XP level 8. HP: 52/52 MP: 15/15
  6781 | D:3      | Noticed Natasha
  6794 | D:3      | Killed Natasha
  8247 | D:5      | Entered Level 5 of the Dungeon
  8248 | D:5      | Found Kungit's Elemental Accessories.
  8261 | D:5      | Learned a level 3 spell: Stone Arrow
  8279 | D:5      | Reached skill level 1 in Conjurations
  8294 | D:5      | Reached skill level 1 in Earth Magic
  8491 | D:5      | Reached skill level 2 in Conjurations
  9340 | D:5      | Noticed Blork the orc
  9352 | D:5      | Killed Blork the orc
  9353 | D:5      | Reached skill level 3 in Conjurations
  9353 | D:5      | Reached XP level 9. HP: 53/57 MP: 4/16
  9635 | D:5      | Found a staircase to the Ecumenical Temple.
  9644 | Temple   | Entered the Ecumenical Temple
  9939 | Temple   | Became a worshipper of Cheibriados the Contemplative
  9975 | D:5      | Noticed Menkaure
  9983 | D:5      | Killed Menkaure
  9984 | D:5      | Reached skill level 5 in Short Blades
 10227 | D:5      | Noticed Eustachio
 10238 | D:5      | Killed Eustachio
 10239 | D:5      | Reached skill level 4 in Conjurations
 10552 | D:6      | Reached skill level 5 in Conjurations
 10558 | D:6      | Identified a scroll of acquirement
 10558 | D:6      | Acquired the amulet "Zefeam" {Acrobat Str+2 SInv}
 11421 | D:6      | Reached * piety under Cheibriados
 11441 | D:6      | Found Ariwu's Book Shoppe.
 11479 | D:6      | Reached skill level 5 in Earth Magic
 11973 | D:7      | Reached skill level 6 in Conjurations
 12214 | D:7      | Reached skill level 7 in Conjurations
 12312 | D:7      | Learned a level 4 spell: Cause Fear
 12769 | D:7      | Reached XP level 10. HP: 52/63 MP: 13/17
 12925 | D:7      | Reached skill level 1 in Long Blades
 13156 | D:8      | Reached skill level 5 in Hexes
 13186 | D:8      | Reached ** piety under Cheibriados
 13187 | D:8      | Reached skill level 8 in Conjurations
 13612 | D:8      | Identified the +8 dagger "Xyedot" {holy, rElec rPois rC+++
                  | Int-5}
 14132 | D:8      | Found a sacrificial altar of Ru.
 14570 | D:9      | Noticed Psyche
 14577 | D:9      | Killed Psyche
 14612 | D:9      | Reached skill level 1 in Invocations
 14678 | D:9      | Found Bemar's Book Shop.
 15133 | D:9      | Reached skill level 5 in Long Blades
 15270 | D:9      | Reached *** piety under Cheibriados
 15366 | D:9      | Reached skill level 9 in Conjurations
 15374 | D:9      | Reached XP level 11. HP: 63/68 MP: 10/18
 15491 | D:9      | Noticed a two-headed ogre
 15501 | D:9      | Slain by a two-headed ogre

Illustrated notes

Levels and vault maps discovered:
D:1:      onia_arrival_handbag, layout_basic, minmay_misc_feat_rugged
D:2:      layout_basic, basic_altar, uniq_robin
D:3:      layout_basic, shapermc_ecumenical_altar_mp_vishouse, uniq_sigmund,
          uniq_ijyb, uniq_natasha, uniq_crazy_yiuf_cottage
D:4:      layout_rooms, biasface_ghost_orc_armoury, grunt_ministairs_15,
          minmay_small_thing
D:5:      layout_gridville, minmay_temple_entry_proselytizer,
          nicolae_elemental_shop, uniq_blork_the_orc, uniq_eustachio,
          uniq_menkaure
D:6:      layout_basic, serial_shops, shop
D:7:      layout_basic, kennysheep_generic_room_2
D:8:      layout_loops_ring, nicolae_ru_sacrificial_ziggurat
D:9:      minmay_shrinking_squares, layout_long_grid, serial_shops, shop,
          uniq_psyche
Temple:   mainiacjoe_temple_hex_bubbles

Skill      XL: |  1  2  3  4  5  6  7  8  9 10 11 |
---------------+----------------------------------+-----
Ice Magic      | 5 6 7 |  7.1
Spellcasting   | 3 4 5 |  5.2
Hexes          | 1 2 3 4 7 |  7.0
Evocations     | 1 2 3 |  3.3
Armour         | 2 4 |  4.0
Short Blades   | 1 4 5 |  5.3
Conjurations   | 3 7 9 |  9.3
Earth Magic    | 2 5 |  5.0
Long Blades    | 5 6 |  6.0
Invocations    | 3 |  3.3
Dodging        | |  2.1
Stealth        | |  1.7

Action                   |  1- 3 |  4- 6 |  7- 9 | 10-12 || total
-------------------------+-------+-------+-------+-------++-------
Melee: Club              |    14 |    19 |       |       ||    33
       Unarmed           |     5 |       |       |       ||     5
       Dagger            |       |     1 |   177 |    89 ||   267
       Punch             |       |       |     5 |     1 ||     6
Throw: Dart              |       |       |     7 |     1 ||     8
       Stone             |       |       |     1 |       ||     1
 Cast: Freeze            |    34 |    27 |    12 |       ||    73
       Frozen Ramparts   |     6 |    19 |    52 |    17 ||    94
       Ozocubu's Armour  |       |     4 |    24 |     9 ||    37
       Tukima's Dance    |       |       |       |     1 ||     1
 Abil: Hop               |     2 |     1 |     1 |     1 ||     5
  Use: Potion            |       |     1 |     3 |       ||     4
       Scroll            |       |       |    12 |     3 ||    15
 Stab: Sleeping          |       |       |     2 |       ||     2
Armor: Robe              |     7 |    34 |    56 |       ||    97
       Leather armour    |       |       |    59 |    34 ||    93
Dodge: Dodged            |    50 |    45 |   124 |   115 ||   334
